 Dungeon Crawl Stone Soup version 0.28.0-43-g3370ac3207 (webtiles) character file.

Game seed: 17125634760979179920

30 crimpus the Covered (level 3, -1/33 HPs)
             Began as a Hill Orc Fighter on Mar 27, 2022.
             Succumbed to a water moccasin's poison
             ... in a sewer.
             The game lasted 00:01:09 (1040 turns).

crimpus the Covered (Hill Orc Fighter)              Turns: 1040, Time: 00:01:10

Health: -1/33      AC:  7    Str: 17 (20) XL:     3   Next: 18%
Magic:  3/3        EV:  9    Int:  6 (8)  God:
Gold:   52         SH:  4    Dex:  9 (10) Spells: 2/2 levels left

rFire   . . .      SeeInvis .   j - +0 broad axe
rCold   . . .      Faith    .   c - +0 buckler
rNeg    . . .      Spirit   .   b - +0 scale mail
rPois   .          Reflect  .   (no helmet)
rElec   .          Harm     .   (no cloak)
rCorr   .          Rampage  .   (no gloves)
Will    .....                   (no boots)
Stlth   ..........              (no amulet)
HPRegen 0.11/turn               (no ring)
MPRegen 0.08/turn               (no ring)

@: lethally poisoned (-1 -> -13)
A: no striking features
a: no special abilities


You were in a sewer.
You visited 1 branch of the dungeon, and saw 3 of its levels.
You also visited: Sewer.

You collected 52 gold pieces.

Inventory:

Hand Weapons
 a - a +0 war axe
 j - a +0 broad axe (weapon)
 k - a +0 arbalest
Armour
 b - a +0 scale mail (worn)
 c - a +0 buckler (worn)
Scrolls
 e - a scroll of noise {unknown}
 h - a scroll of teleportation {unknown}
 i - a scroll of summoning {unknown}
Potions
 d - a potion of might
 f - a potion of degeneration


   Skills:
 + Level 3.8 Fighting
 + Level 3.0 Axes
 + Level 3.9 Armour
 + Level 3.8 Shields


You had 2 spell levels left.
You didn't know any spells.
Your spell library was empty.

Dungeon Overview and Level Annotations

Branches:
Dungeon (3/15)              Sewer (1/1)

Altars:


Message History

The water moccasin poisons you!
You barely miss the water moccasin.
The water moccasin is severely wounded.
You feel very sick. The water moccasin bites you.
The water moccasin bites you but does no damage.
You miss the water moccasin.
The water moccasin is severely wounded.
You feel sick. The water moccasin bites you!
You block the water moccasin's attack.
You are too injured to fight recklessly!
You are too injured to fight recklessly!
It was a potion of degeneration.
There was something very wrong with that liquid.
You feel weakened.
You feel dopey.
You feel clumsy.
You feel sick. The water moccasin closely misses you.
The water moccasin bites you.
It was a potion of curing.
You feel better.
The water moccasin bites you but does no damage.
You closely miss the water moccasin.
The water moccasin is severely wounded.
The water moccasin bites you. x2
You are poisoned.
The water moccasin poisons you!
You slash the water moccasin!
The water moccasin is almost dead.
You feel very sick. The water moccasin barely misses you.
The water moccasin bites you.
* * * LOW HITPOINT WARNING * * *
You are lethally poisoned!
The water moccasin poisons you!
You closely miss the water moccasin.
The water moccasin is almost dead.
* * * LOW HITPOINT WARNING * * *
You feel very sick.
The water moccasin bites you but does no damage.
The water moccasin completely misses you.
You closely miss the water moccasin.
The water moccasin is almost dead.
You die...

#.# #.# #######
#.# ##.....## #.#
##...≈...#
#.#######...≈≈≈...
#..........≈≈≈≈≈.∩
#.#######...≈≈≈.÷.
#.# ##...≈...# #@#
##.....## #S#
####### ... .....
....... #.......#
#.......#
#..$/$..#


You could see a water moccasin.

Vanquished Creatures
  5 bats
  2 endoplasms (D:1)
  3 giant cockroaches (D:3)
  A hobgoblin (D:1)
  3 jackals (D:1)
  A kobold (D:1)
  3 quokkas (D:3)
  4 ball pythons (D:1)
  3 rats
25 creatures vanquished.

Notes
Turn   | Place    | Note
-------+----------+-------------------------------------------
     0 | D:1      | crimpus the Hill Orc Fighter began the quest for the Orb.
     0 | D:1      | Reached XP level 1. HP: 19/19 MP: 1/1
   165 | D:1      | Reached XP level 2. HP: 27/27 MP: 2/2
   295 | D:1      | Found a faded altar of an unknown god.
   539 | D:2      | You fall into a shaft and drop 1 floor!
   649 | D:3      | Found a glowing drain.
   658 | D:3      | Reached XP level 3. HP: 17/33 MP: 3/3
   671 | Sewer    | Entered a sewer
  1025 | Sewer    | Noticed a water moccasin
  1040 | Sewer    | Succumbed to a water moccasin's poison

Illustrated notes

Levels and vault maps discovered:
D:1:      minmay_arrival_open_corners, layout_rooms,
          ebering_ecumenical_altar_rust, ebering_dispersal_statue_hall,
          minmay_misc_feat_five
D:2:      layout_loops_ring, uniq_jessica, uniq_robin
D:3:      layout_rooms, gup_sewer_entry_pipe
Sewer:    sewer_big_baddie

Skill      XL: |  1  2  3 |
---------------+----------+-----
Axes           | 3 |  3.0
Fighting       | |  3.8
Armour         | |  3.9
Shields        | |  3.8

Action                   || total
-------------------------++-------
Melee: War axe           ||    35
       Broad axe         ||    65
  Use: Potion            ||     2
Armor: Scale mail        ||    58
Dodge: Dodged            ||    64
Block: Buckler           ||    35
